 Dungeon Crawl Stone Soup version 0.29-a0-866-g0545e20025 (webtiles) character file.

Game seed: 8850631625418700128

417 Malachi the Ruffian (level 6, -5/53 HPs)
             Began as a Troll Monk on July 17, 2022.
             Was a Believer of Hepliaklqana.
             Slain by a gnoll
             ... wielding a +0 spear
             ... led by a gnoll sergeant
              (6 damage)
             ... on level 5 of the Dungeon.
             The game lasted 00:02:20 (2523 turns).

Malachi the Ruffian (Troll Monk)                    Turns: 2523, Time: 00:02:21

Health: -5/53      AC:  4    Str: 22    XL:     6   Next: 61%
Magic:  5/5        EV: 10    Int:  6    God:    Hepliaklqana [**....]
Gold:   160        SH:  0    Dex: 12    Spells: 5/5 levels left

rFire   . . .      SeeInvis .     - Unarmed
rCold   . . .      Faith    .   (no shield)
rNeg    . . .      Spirit   .   l - +0 robe {Will+}
rPois   .          Reflect  .   (helmet restricted)
rElec   .          Harm     .   (no cloak)
rCorr   .          Rampage  .   (gloves unavailable)
Will    +....                   (boots unavailable)
Stlth   ++........              (no amulet)
HPRegen 0.97/turn               (no ring)
MPRegen 0.09/turn               (no ring)

@: lethally poisoned (-5 -> -9)
A: reduced essence, large, unfitting armour, claws 3, regeneration 1, shaggy fur
1, tough skin 1
a: Renounce Religion, Ancestor Life: Knight, Ancestor Life: Battlemage, Ancestor
Life: Hexer, Recall Ancestor, Ancestor Identity


You were on level 5 of the Dungeon.
You worshipped Hepliaklqana.
Hepliaklqana was pleased with you.
You visited 1 branch of the dungeon, and saw 5 of its levels.

You collected 160 gold pieces.

Inventory:

Armour
 l - a +0 robe of willpower (worn)
Scrolls
 a - 4 scrolls of teleportation {unknown}
 c - a scroll of fear {unknown}
 d - 2 scrolls of noise {unknown}
 f - a scroll of fog {unknown}
 g - 2 scrolls of amnesia {unknown}
 i - 3 scrolls of acquirement {unknown}
 j - a scroll of brand weapon {unknown}
 k - 2 scrolls of identify {unknown}
 n - a scroll of enchant armour {unknown}
 o - a scroll of torment {unknown}
 r - a scroll of vulnerability {unknown}
Potions
 b - 2 potions of ambrosia
 e - 2 potions of curing {unknown}
 h - 3 potions of heal wounds {unknown}
 m - a potion of resistance {unknown}
 p - a potion of invisibility {unknown}
 q - a potion of magic {unknown}


   Skills:
 - Level 2.4 Fighting
 - Level 2.4 Dodging
 - Level 1.0 Stealth
 * Level 7.5 Unarmed Combat


You had 5 spell levels left.
You didn't know any spells.
Your spell library contained the following spells:

 Spells                   Type           Power      Damage    Failure   Level
 Malign Gateway           Summ/Tloc      0%         N/A       100%        7
 Summon Horrible Things   Summ           0%         N/A       100%        8


Dungeon Overview and Level Annotations

Branches:
Dungeon (5/15)
 Temple: D:4-7

Altars:
Gozag
Hepliaklqana
Uskayaw
Xom

Shops:
D:2 ?


Innate Abilities, Weirdness & Mutations

Your life essence is reduced to manifest your ancestor. (-10% HP)
You are too large for most types of armour.
You have claws for hands.
Your natural rate of healing is unusually fast.
You are covered in fur. (AC +1)
You have tough skin. (AC +1)


Message History

A gnoll sergeant comes into view. It is wielding a +2 spear of venom.
You barely miss the gnoll. You scratch the gnoll but do no damage.
Kheti hits the gnoll.
The gnoll hits you with a +0 spear.
The gnoll hits you from afar with a +0 spear.
You scratch the gnoll but do no damage.
The gnoll is moderately wounded.
Kheti hits the gnoll.
A gnoll comes into view. It is wielding a +0 spear.
The gnoll closely misses you.
The gnoll barely misses Kheti.
Unknown command.
You barely miss the gnoll.
The gnoll is heavily wounded.
The gnoll barely misses you.
The gnoll sergeant hits you from afar with a +2 spear of venom!
You are poisoned.
The gnoll hits you with a +0 spear.
Kheti hits the gnoll.
Unknown command.
You claw the gnoll!
You kill the gnoll!
You feel sick. The gnoll sergeant misses you. The gnoll closely misses you.
A gnoll comes into view. It is wielding a +0 halberd.
Unknown command.
You feel sick. The gnoll misses you.
The gnoll hits you from afar with a +0 spear!
The gnoll hits you with a +0 spear.
The gnoll sergeant hits you with a +2 spear of venom!
* * * LOW HITPOINT WARNING * * *
You are lethally poisoned!
Unknown command.
You are too injured to fight recklessly!
Unknown command.
You are too injured to fight recklessly!
Unknown command.
You are too injured to fight recklessly!
The gnoll attacks as you move away! The gnoll hits you with a +0 spear.
* * * LOW HITPOINT WARNING * * *
x2 You feel very sick.
The gnoll hits you from afar with a +0 spear.
You die...

..........
#........#
###........#
......$...#
#.....>..#
#........#
#...(....#
#.>..<.@R#
########.#
.......ggg.....
#######..######
##.. ###


You could see the friendly Kheti the ancestor, a gnoll sergeant (ally target)
and 2 gnolls.

Vanquished Creatures
  Sigmund (D:3)
  A phantom (D:4)
  A hound (D:4)
  An iguana (D:4)
  3 adders
  4 gnolls
  A dart slug (D:2)
  3 orcs
  5 ball pythons
  5 bats
  7 endoplasms
  3 giant cockroaches
  5 goblins
  4 hobgoblins
  5 jackals (D:4)
  2 quokkas
  5 frilled lizards
  7 kobolds
  5 rats
68 creatures vanquished.

Notes
Turn   | Place    | Note
-------+----------+-------------------------------------------
     0 | D:1      | Malachi the Troll Monk began the quest for the Orb.
     0 | D:1      | Reached XP level 1. HP: 22/22 MP: 0/0
   135 | D:1      | Reached XP level 2. HP: 29/29 MP: 1/1
   409 | D:1      | Reached skill level 4 in Unarmed Combat
   432 | D:1      | Found Yteynkuh's Book Shop.
   806 | D:2      | Reached XP level 3. HP: 36/36 MP: 2/2
   810 | D:2      | Found a hide-covered altar of Uskayaw.
   863 | D:2      | Found Tirchitue's Magic Scroll Shoppe.
  1002 | D:2      | Found a faded altar of an unknown god.
  1329 | D:3      | Noticed Sigmund
  1336 | D:3      | Killed Sigmund
  1337 | D:3      | Reached skill level 6 in Unarmed Combat
  1337 | D:3      | Reached XP level 4. HP: 36/44 MP: 3/3
  1337 | D:3      | Reached XP level 5. HP: 41/50 MP: 4/4
  1832 | D:4      | Found an opulent altar of Gozag.
  1835 | D:4      | Reached XP level 6. HP: 59/59 MP: 5/5
  1894 | D:4      | Found a shimmering altar of Xom.
  1944 | D:4      | Reached skill level 7 in Unarmed Combat
  2112 | D:4      | Found a hazy altar of Hepliaklqana.
  2492 | D:4      | Became a worshipper of Hepliaklqana the Forgotten
  2492 | D:4      | Reached * piety under Hepliaklqana
  2492 | D:4      | Reached ** piety under Hepliaklqana
  2514 | D:5      | Entered Level 5 of the Dungeon
  2523 | D:5      | HP: 1/53 [poisoned by a gnoll sergeant]
  2523 | D:5      | Slain by a gnoll

Illustrated notes

Levels and vault maps discovered:
D:1:      dpeg_arrival_round_b, layout_basic, serial_shops, shop_fountains,
          st_stairs_6, grunt_decor_arrowhead
D:2:      layout_rooms, basic_altar, serial_shops, nicolae_shop_hallway_plus,
          nicolae_ecumenical_lake_church
D:3:      layout_loops_ring, uniq_sigmund
D:4:      layout_basic, mainiacjoe_overflow_boulevard,
          mainiacjoe_overflow_24_doors, worldfamousw_hep_ancestral_shrine,
          kennysheep_doodads, kennysheep_minor_cross
D:5:      layout_rooms, nicolae_dithmenos_shadow_blocks,
          gammafunk_ghost_stat_death, serial_shops, kennysheep_mini,
          gup_sewer_entry_bubbles, kennysheep_nondescript, chequers_big_river,
          corexii_corridor_pit, minmay_holes

Skill      XL: |  1  2  3  4  5  6 |
---------------+-------------------+-----
Unarmed Combat | 4 6 7 |  7.5
Fighting       | |  2.4
Dodging        | |  2.4
Stealth        | |  1.0

Action                   |  1- 3 |  4- 6 || total
-------------------------+-------+-------++-------
Melee: Unarmed           |    96 |    76 ||   172
       Punch             |     2 |     4 ||     6
 Stab: Sleeping          |     4 |       ||     4
Armor: Robe              |    28 |    22 ||    50
Dodge: Dodged            |    39 |    38 ||    77

Table legend: (Time is in decaauts)
 A = Elapsed time spent in this place.
 B = Non-inter-level travel time spent in this place.
 C = Inter-level travel time spent in this place.
 D = Time resting spent in this place.
 E = Time spent auto-exploring this place.
 F = Levels seen in this place.
 G = Mean time per level.
                   A        B        C        D        E       F      G
               +--------+--------+--------+--------+--------+-----+--------+
         Total |   2507 |   2373 |    134 |      0 |   1935 |   5 |  501.4 |
       Dungeon |   2507 |   2373 |    134 |      0 |   1935 |   5 |  501.4 |
               +--------+--------+--------+--------+--------+-----+--------+

Top non-repeatable levels by time:
     D:1: 787 daAuts
     D:4: 722 daAuts
     D:3: 552 daAuts
     D:2: 436 daAuts
     D:5: 8 daAuts
